 Dungeon Crawl Stone Soup version 0.31.0-11-ge490571c62 (webtiles) character file.

Game seed: 1118897420677702271

18 LukeMS the Grave Robber (level 2, 0/17 HPs)
             Began as an Octopode Necromancer on Feb 6, 2024.
             Slain by a jackal (2 damage)
             ... on level 2 of the Dungeon.
             The game lasted 00:04:28 (428 turns).

LukeMS the Grave Robber (Octopode Necromancer)       Turns: 428, Time: 00:04:29

Health: 0/17       AC:  1    Str:  7    XL:     2   Next: 66%
Magic:  4/5        EV: 13    Int: 17    God:
Gold:   37         SH:  0    Dex: 12    Spells: 4/5 levels left

rFire   . . .        i - +0 orcbow
rCold   . . .        (shield currently unavailable)
rNeg    . . .        (helmet restricted)
rPois   .            (no amulet)
rElec   .            (no ring)
rCorr   .            (no ring)
SInv    .            (no ring)
Will    .....        (no ring)
Stlth   +++          (no ring)
HPRegen 0.22/turn    (no ring)
MPRegen 0.09/turn    (no ring)
                     (no ring)

%: no passive effects
@: no status effects
A: almost no armour, amphibious, 8 rings, camouflage 1, gelatinous body 1,
(nimble swimmer 1), tentacles
a: no special abilities


You were on level 2 of the Dungeon.
You visited 1 branch of the dungeon, and saw 2 of its levels.

You collected 37 gold pieces.

Inventory:

Hand Weapons
 b - a +0 club
 i - a +0 orcbow (weapon)
Missiles
 e - 4 poisoned darts
Armour
 f - a +0 robe
Scrolls
 d - a scroll of vulnerability {unknown}
 g - a scroll of immolation {unknown}
Potions
 a - a potion of magic
 c - a potion of mutation {unknown}
 h - a potion of cancellation {unknown}


   Skills:
 + Level 0.2 Ranged Weapons
 + Level 2.0 Dodging
 + Level 2.8 Stealth
 + Level 0.2 Unarmed Combat
 + Level 2.1 Spellcasting
 + Level 4.5 Necromancy


You had 4 spell levels left.
You knew the following spells:

 Your Spells              Type           Power      Damage    Failure   Level
a - Necrotise             Necr           68%        1d7       3%          1

Your spell library contained the following spells:

 Spells                   Type           Power      Damage    Failure   Level
 Vampiric Draining        Necr           17%        2d7       9%          3
 Animate Dead             Necr           17%        N/A       30%         4
 Curse of Agony           Necr           17%        N/A       63%         5


Dungeon Overview and Level Annotations

Branches:
Dungeon (2/15)

Altars:

Shops:
D:1 ?


Innate Abilities, Weirdness & Mutations

You cannot wear most types of armour.
You are amphibious.
You can wear up to eight rings at the same time.
Your skin changes colour to match your surroundings (Stealth+).
Your rubbery body absorbs attacks. (AC +1, EV +1)
((You are camouflaged when in or above water. (Stealth+)))
You have tentacles for arms and can constrict up to eight enemies at once.


Message History

The arrow closely misses the jackal.
The jackal barks!
The arrow hits the jackal.
The jackal is lightly wounded.
The jackal closely misses you. The jackal bites you.
You shoot an arrow. The arrow hits the jackal.
The jackal is almost dead.
The jackal bites you. The jackal closely misses you.
Casting: Necrotise (safe; 3% risk of failure)
Confirm with . or Enter, or press ? or * to list all spells.
You don't know that spell.
Unknown command.
Fire: i) +0 orcbow
Press: ? - help, Q - select action, (/) - cycle Shift-Dir - straight line, f/p - jackal
Aim: a jackal (almost dead, 34% to hit)
You shoot an arrow. The arrow barely misses the jackal.
The arrow closely misses the jackal.
The jackal misses you. The jackal bites you. x2
The jackal barely misses you. The jackal bites you.
There are no items here.
Casting: Necrotise (safe; 3% risk of failure)
Confirm with . or Enter, or press ? or * to list all spells.
Aiming: Necrotise (safe; 3% risk of failure)
Press: ? - help, Shift-Dir - straight line, f/p - jackal
Aim: a jackal (almost dead, chance to affect: 87%)
The jackal writhes in agony.
You kill the jackal!
The dead are walking!
There are no items here.
Fire: i) +0 orcbow
Press: ? - help, Q - select action, (/) - cycle Shift-Dir - straight line, f - jackal
Aim: a jackal (34% to hit)
You shoot an arrow. The arrow misses the jackal.
The jackal barely misses you.
The jackal misses you. x2; The jackal bites you. x2
* * * LOW HITPOINT WARNING * * *
The jackal bites you.
* * * LOW HITPOINT WARNING * * *
You shoot an arrow. The arrow misses the jackal.
The jackal bites your jackal skeleton. The jackal bites you.
You die...

.... .... ...
... #.. #..# .
#.! ...##.. #..
.......
#.##.......
#.h........
#hh#...!..#
#h@#.....##
.....h#Zh....##
.....###......#
###.# #.###..#
#.# #. ... ...
## .. ##


You could see 6 jackals and a friendly jackal skeleton.

Vanquished Creatures
  2 endoplasms (D:1)
  A giant cockroach (D:1)
  4 hobgoblins (D:1)
  A jackal (D:2)
  3 ball pythons (D:1)
  A bat (D:1)
  2 goblins (D:1)
  A rat (D:1)
15 creatures vanquished.

Vanquished Creatures (collateral kills)
  An endoplasm (D:1)
1 creature vanquished.

Grand Total: 16 creatures vanquished

Notes
Turn   | Place    | Note
-------+----------+-------------------------------------------
     0 | D:1      | LukeMS the Octopode Necromancer began the quest for the
                  | Orb.
     0 | D:1      | Reached XP level 1. HP: 11/11 MP: 3/3
   120 | D:1      | Reached XP level 2. HP: 17/17 MP: 0/5
   372 | D:1      | Found Useacami's Magic Scroll Shoppe.
   428 | D:2      | Slain by a jackal

Illustrated notes

Levels and vault maps discovered:
D:1:      tarquinn_simple_flora_water_a, layout_basic, serial_shops, shop,
          hellmonk_ecumenical_altar_zigzags, minmay_heptomino_w4
D:2:      layout_loops_ring, basic_altar

Action                     || total
---------------------------++-------
  Melee: Unarmed           ||     7
         Constrict         ||     5
         Tentacles         ||     5
         Club              ||    10
   Fire: Orcbow            ||     5
   Cast: Necrotise         ||    13
    Use: Scroll            ||     2
 Armour: Skin              ||    18
  Dodge: Dodged            ||    31
